 Dungeon Crawl Stone Soup version 0.19.1 (webtiles) character file.

34 NoWolfie the Cutter (level 3, -2/26 HPs)
             Began as a Human Wanderer on Nov 27, 2016.
             Slain by an adder (3 damage)
             ... on level 4 of the Dungeon.
             The game lasted 00:11:48 (1368 turns).

NoWolfie the Cutter (Human Wanderer)                Turns: 1368, Time: 00:11:49

Health: -2/26      AC:  6    Str:  9    XL:     3   Next: 50%
Magic:  4/4        EV: 10    Int: 15    God:
Gold:   52         SH:  0    Dex: 13    Spells: 0 memorised, 4 levels left

rFire  . . .     SeeInvis .     a - +2 short sword
rCold  + . .     Gourm    .     x - +0 leather armour
rNeg   . . .     Faith    .     (no shield)
rPois  .         Spirit   .     (no helmet)
rElec  .         Reflect  .     u - +0 cloak
rCorr  .         Harm     .     s - +1 pair of gloves
MR     .....                    (no boots)
Stlth  ++........               (no amulet)
                                (no ring)
                                g - ring of protection from cold

@: lethally poisoned (-2 -> -8), about to teleport
A: no striking features
a: no special abilities


You were on level 4 of the Dungeon.
You were not hungry.

You visited 1 branch of the dungeon, and saw 4 of its levels.

You collected 52 gold pieces.

Inventory:

Hand Weapons
 a - a +2 short sword (weapon)
 b - a +0 spear
 e - a +0 dagger
 h - a +0 mace
 v - a +0 hunting sling
Missiles
 o - 15 stones (quivered)
Armour
 d - a +0 robe
 s - a +1 pair of gloves (worn)
 u - a +0 cloak (worn)
 x - a +0 leather armour (worn)
Jewellery
 g - a ring of protection from cold (left hand)
Scrolls
 i - a scroll of amnesia
 j - a scroll of teleportation
 l - a scroll of identify {unknown}
 m - a scroll of recharging
 n - a scroll of remove curse
 p - 2 scrolls of immolation {unknown}
Potions
 k - 2 potions of flight {unknown}
 t - 2 potions of agility
 w - 2 potions of lignification {unknown}
Books
 c - Vehumet's Catalogue of Confrontation

   Spells                             Type                      Level
   a - Magic Dart                     Conjuration                  1
   b - Dazzling Spray                 Conjuration/Hexes            3
Comestibles
 f - 3 bread rations
 r - a meat ration


   Skills:
 + Level 1.2 Fighting
 + Level 2.9 Short Blades
 + Level 0.2 Slings
 + Level 2.7 Stealth
 + Level 1.1 Spellcasting
   Level 1.0 Fire Magic
   Level 1.0 Poison Magic
   Level 2.0 Evocations


You had 4 spell levels left.
You didn't know any spells.

Dungeon Overview and Level Annotations

Branches:
Dungeon (4/15)
 Temple: D:4-7

Altars:
Nemelex Xobeh

Shops:
D:4 }


Message History

You closely miss the adder.
The adder is moderately wounded.
* * * LOW HITPOINT WARNING * * *
You feel sick. The adder bites you.
* * * LOW HITPOINT WARNING * * *
You miss the adder.
The adder is moderately wounded.
The adder barely misses you. The adder bites you but does no damage.
As you read the scroll labeled ZAOCO HONAZEODD, it crumbles to dust.
You feel strangely unstable.
It was a scroll of teleportation.
* * * LOW HITPOINT WARNING * * *
You feel sick. The adder barely misses you.
You closely miss the adder.
The adder is moderately wounded.
* * * LOW HITPOINT WARNING * * *
You feel sick. The adder barely misses you.
You miss the adder.
The adder is moderately wounded.
The adder bites you.
You die...

##.S......
##o.......
.#
#o.#######
...#####..#
#...#o.##
#.oS##
###o## ##S#
#@# ###


You could see an adder, 3 orcs and a ball python.

Vanquished Creatures
  A dart slug (D:1)
  4 orcs
  4 bats (D:1)
  4 giant cockroaches (D:1)
  2 goblins
  5 hobgoblins
  A kobold (D:1)
  A ball python (D:1)
  A frilled lizard (D:4)
  A rat (D:1)
24 creatures vanquished.

Notes
Turn   | Place    | Note
-------+----------+-------------------------------------------
     0 | D:1      | NoWolfie the Human Wanderer began the quest for the Orb.
     0 | D:1      | NoWolfie set off with: a +2 short sword, a +0 spear, Vehumet's Catalogue of Confrontation, a +0 robe, a +0 dagger, a bread ration
     0 | D:1      | Reached XP level 1. HP: 15/15 MP: 2/2
     1 | D:1      | Identified Vehumet's Catalogue of Confrontation
    71 | D:1      | Reached XP level 2. HP: 13/21 MP: 3/3
   657 | D:1      | Reached XP level 3. HP: 22/26 MP: 4/4
   950 | D:3      | Found a sparkling altar of Nemelex Xobeh.
   968 | D:4      | Found Doathit's Gadget Emporium.
  1367 | D:4      | HP: 1/26 [poisoned by an adder]
  1368 | D:4      | Slain by an adder

Action                   || total
-------------------------++-------
Melee: Short sword       ||    77
       Hunting sling     ||     1
 Fire: Hunting sling     ||     5
Throw: Stone             ||    15
  Use: Potion            ||     1
       Scroll            ||     4
 Stab: Sleeping          ||     2
  Eat: Pizza             ||     1
Armor: Robe              ||    13
       Leather armour    ||    16
Dodge: Dodged            ||    63
